 Dungeon Crawl Stone Soup version 0.24.0-123-gd5b16e6ec5 (webtiles) character file.

Game seed: 6308227270444778579, levelgen mode: deterministic

122 AuftragZ the Conjurer (level 4, -7/24 HPs)
             Began as a Deep Elf Conjurer on Jan 21, 2020.
             Was an Initiate of Vehumet.
             Killed from afar by Ijyb (9 damage)
             ... with an iceblast
             ... on level 4 of the Dungeon.
             The game lasted 00:15:45 (2589 turns).

AuftragZ the Conjurer (Deep Elf Conjurer)           Turns: 2589, Time: 00:15:45

Health: -7/24      AC:  4    Str:  4 (5)  XL:     4   Next: 78%
Magic:  1/12       EV: 13    Int: 21      God:    Vehumet [......]
Gold:   86         SH:  0    Dex: 14 (15) Spells: 4/11 levels left

rFire    + . .     SeeInvis .   d - +0 mace
rCold    . . .     Gourm    .   (no shield)
rNeg     . . .     Faith    .   b - +0 robe
rPois    .         Spirit   .   (no helmet)
rElec    .         Reflect  .   (no cloak)
rCorr    .         Harm     .   (no gloves)
MR       .....                  (no boots)
Stlth    ++........             (no amulet)
HPRegen  0.08/turn              e - ring of protection from fire
MPRegen  0.13/turn              (no ring)

@: no status effects
A: iridescent scales 1
a: Renounce Religion


You were on level 4 of the Dungeon.
You worshipped Vehumet.
Vehumet was noncommittal.
You were not hungry.

You visited 1 branch of the dungeon, and saw 4 of its levels.

You collected 86 gold pieces.

Inventory:

Hand Weapons
 d - a +0 mace (weapon)
Missiles
 a - 6 curare-tipped darts (quivered)
Armour
 b - a +0 robe (worn)
 f - a +0 scale mail
Jewellery
 e - a ring of protection from fire (left hand)
Comestibles
 c - 2 rations


   Skills:
 + Level 0.4 Maces & Flails
 + Level 3.4 Dodging
 - Level 2.4 Stealth
 * Level 4.4 Spellcasting
 + Level 5.5 Conjurations


You had 4 spell levels left.
You knew the following spells:

 Your Spells              Type           Power        Failure   Level  Hunger
a - Magic Dart            Conj           ####         1%          1    None
b - Searing Ray           Conj           ####..       1%          2    #......
c - Iskenderun's Mystic   Conj           ####....     12%         4    ####...

Your spell library contained the following spells:

 Spells                   Type           Power        Failure   Level  Hunger
 Dazzling Spray           Conj/Hex       ###...       11%         3    ##.....
 Force Lance              Conj/Tloc      ###.....     36%         4    ####...
 Fulminant Prism          Conj/Hex       ###.......   36%         4    ####...


Dungeon Overview and Level Annotations

Branches:
Dungeon (4/15)
 Temple: D:4-7

Altars:
Vehumet

Annotations:
D:4 Ijyb, Robin


Innate Abilities, Weirdness & Mutations

You are partially covered in iridescent scales. (AC +2)


Message History

Confirm with . or Enter, or press ? or * to list all spells.
Aiming: Magic Dart (safe; 1% risk of failure)
Press: ? - help, Shift-Dir - straight line, f - gnoll
Aim: a gnoll, wielding a +0 club (hasn't noticed you)
The magic dart hits the gnoll.
The gnoll is lightly wounded.
The gnoll shouts!
Casting: Magic Dart (safe; 1% risk of failure)
Confirm with . or Enter, or press ? or * to list all spells.
Aiming: Magic Dart (safe; 1% risk of failure)
Press: ? - help, Shift-Dir - straight line, f/p - gnoll
Aim: a gnoll, wielding a +0 club (lightly wounded)
The magic dart hits the gnoll but does no damage.
The gnoll is lightly wounded.
Ijyb zaps a wand.
The mass of ice explodes!
The iceblast engulfs you!
Ouch! That really hurt!
* * * LOW HITPOINT WARNING * * *
You hear a shout! x2
Ijyb zaps a wand.
The mass of ice explodes!
The iceblast engulfs you!
You die...

#.# )P..≈ ≈...$....≈
≈≈... #.# ##.≈≈≈
#......# ≈≈≈.#. #.#
.P.≈≈.###...g###.≈≈..#
#.#
#..≈≈≈≈#.)....#≈≈≈≈...
#.#
P..P≈≈≈...g....≈≈≈≈...
#.#
.##.P≈≈#..(...#≈÷)≈.##
#.#
#.P..≈###..).###.≈≈..#
..# ###... #......#
.≈≈##. ..#
#########...@..# ###
...#.........###.###
#.##########....(# #.#
#.##### #.# #.# #+#
#.# ...## #.# ....##
##.# (....## ##..#


You could see Ijyb and a gnoll.

Vanquished Creatures
  An iguana (D:4)
  A worker ant (D:4)
  2 hound skeletons (D:4)
  A gnoll (D:4)
  An adder (D:2)
  2 worms
  2 dart slugs
  A ball python (D:1)
  6 goblins
  A hobgoblin (D:2)
  3 bats (D:1)
  3 kobolds
  A rat (D:2)
25 creatures vanquished.

Notes
Turn   | Place    | Note
-------+----------+-------------------------------------------
     0 | D:1      | AuftragZ the Deep Elf Conjurer began the quest for the Orb.
     0 | D:1      | Reached XP level 1. HP: 10/10 MP: 6/6
   447 | D:1      | Reached XP level 2. HP: 15/15 MP: 5/8
   596 | D:2      | Learned a level 2 spell: Searing Ray
   608 | D:2      | Reached skill level 5 in Conjurations
   814 | D:2      | Gained mutation: You are weak. (Str -2) [potion of
                  | mutation]
   814 | D:2      | Lost mutation: You are weak. (Str -2) [potion of mutation]
   814 | D:2      | Gained mutation: You are partially covered in iridescent
                  | scales. (AC +2) [potion of mutation]
  1208 | D:3      | Reached XP level 3. HP: 19/19 MP: 2/9
  1711 | D:4      | Reached XP level 4. HP: 2/24 MP: 1/10
  2247 | D:4      | Found a radiant altar of Vehumet.
  2258 | D:4      | Became a worshipper of Vehumet
  2276 | D:4      | Learned a level 4 spell: Iskenderun's Mystic Blast
  2347 | D:4      | Noticed Robin
  2352 | D:4      | Noticed Ijyb
  2584 | D:4      | HP: 1/24 [Ijyb/iceblast (14)]
  2589 | D:4      | Killed from afar by Ijyb

Levels and vault maps discovered:
D:1:      dpeg_arrival_lava_altar, layout_basic
D:2:      layout_rooms, uniq_jessica, uniq_terence
D:3:      layout_loops_ring, lemuel_crystal_altar
D:4:      wad_lake_hut, layout_loops_corners, vehumet_crystals, minmay_cupped,
          uniq_grinder, uniq_ijyb, uniq_robin

Skill      XL: |  1  2  3  4 |
---------------+-------------+-----
Conjurations   | 5 |  5.5
Dodging        | 3 |  3.4
Spellcasting   | 4 |  4.4
Maces & Flails | |  0.4
Stealth        | |  2.4

Action                   |  1- 3 |  4- 6 || total
-------------------------+-------+-------++-------
Melee: Mace              |     6 |     5 ||    11
 Cast: Magic Dart        |    34 |    17 ||    51
       Searing Ray       |     6 |       ||     6
       Iskenderun's Myst |       |     4 ||     4
  Use: Scroll            |     7 |       ||     7
       Potion            |     2 |       ||     2
  Eat: Chunk             |     2 |     1 ||     3
       Ration            |       |     1 ||     1
Armor: Robe              |     1 |     3 ||     4
Dodge: Dodged            |     7 |    11 ||    18
